 Dungeon Crawl Stone Soup version 0.28-a0-803-g74956062c1 (webtiles) character file.

Game seed: 4035257379889973118

37 Decritt the Conjurer (level 3, -1/19 HPs)
             Began as a Deep Elf Conjurer on Nov 7, 2021.
             Slain by Sigmund (7 damage)
             ... on level 2 of the Dungeon.
             The game lasted 00:03:56 (1176 turns).

Decritt the Conjurer (Deep Elf Conjurer)            Turns: 1176, Time: 00:03:56

Health: -1/19      AC:  4    Str:  4    XL:     3   Next: 21%
Magic:  3/10       EV: 11    Int: 23    God:
Gold:   43         SH:  0    Dex: 13    Spells: 6/9 levels left

rFire   . . .      SeeInvis .   h - +2 dagger (speed)
rCold   . . .      Faith    .   (no shield)
rNeg    . . .      Spirit   .   o - +0 leather armour
rPois   .          Reflect  .   (no helmet)
rElec   .          Harm     .   g - scarf {shadows}
rCorr   .          Rampage  .   (no gloves)
Will    .....                   f - +0 pair of boots
Stlth   ++........              (no amulet)
HPRegen 0.06/turn               (no ring)
MPRegen 0.12/turn               (no ring)

@: no status effects
A: no striking features
a: no special abilities


You were on level 2 of the Dungeon.
You visited 1 branch of the dungeon, and saw 2 of its levels.

You collected 43 gold pieces.

Inventory:

Hand Weapons
 h - a +2 dagger of speed (weapon)
Armour
 a - a +0 robe
 f - a +0 pair of boots (worn)
 g - a scarf of shadows (worn)
 o - a +0 leather armour (worn)
Scrolls
 b - a scroll of noise {unknown}
 c - a scroll of fear {unknown}
 i - a scroll of acquirement {unknown}
 j - 3 scrolls of amnesia {unknown}
 k - a scroll of torment {unknown}
 l - a scroll of magic mapping {unknown}
 n - a scroll of enchant weapon {unknown}
Potions
 d - a potion of heal wounds {unknown}
 e - 2 potions of ambrosia {unknown}
 m - a potion of haste {unknown}


   Skills:
 + Level 0.1 Fighting
 + Level 2.5 Dodging
 - Level 2.4 Stealth
 + Level 3.7 Spellcasting
 * Level 5.2 Conjurations


You had 6 spell levels left.
You knew the following spells:

 Your Spells              Type           Power      Damage    Failure   Level
a - Magic Dart            Conj           100%       1d8       2%          1
b - Searing Ray           Conj           56%        2d6       3%          2

Your spell library contained the following spells:

 Spells                   Type           Power      Damage    Failure   Level
 Dazzling Flash           Conj/Hex       32%        N/A       21%         3
 Fulminant Prism          Conj/Hex       8%         3d7       54%         4
 Iskenderun's Mystic Bla  Conj/Tloc      16%        2d5       54%         4


Dungeon Overview and Level Annotations

Branches:
Dungeon (2/15)

Altars:
Qazlal

Annotations:
D:2 Sigmund


Message History

The magic dart hits you!
Casting: Magic Dart (safe; 2% risk of failure)
Confirm with . or Enter, or press ? or * to list all spells.
Aiming: Magic Dart (safe; 2% risk of failure)
Press: ? - help, Shift-Dir - straight line, f/p - jackal
Aim: a jackal (heavily wounded, 100% to hit)
The magic dart hits the jackal but does no damage.
The jackal is heavily wounded.
Okay, then.
Casting: Magic Dart (safe; 2% risk of failure)
Confirm with . or Enter, or press ? or * to list all spells.
Aiming: Searing Ray (safe; 3% risk of failure)
Press: ? - help, Shift-Dir - straight line, f/p - jackal
Aim: a jackal (heavily wounded, 74% to hit)
The searing ray hits the jackal!
You kill the jackal! (Press . to maintain the ray.)
A jackal comes into view.
Unknown command.
Casting: Searing Ray (safe; 3% risk of failure)
Confirm with . or Enter, or press ? or * to list all spells.
Aiming: Searing Ray (safe; 3% risk of failure)
Press: ? - help, Shift-Dir - straight line, f - Sigmund
Aim: Sigmund, wielding a +0 scythe and wearing a +0 robe (77% to hit)
The searing ray hits Sigmund!
Sigmund is moderately wounded. (Press . to maintain the ray.)
The searing ray hits Sigmund.
Sigmund is heavily wounded.
Sigmund hits you from afar with a +0 scythe.
* * * LOW HITPOINT WARNING * * *
The jackal bites you.
* * * LOW HITPOINT WARNING * * *
The searing ray hits the jackal.
The jackal is severely wounded.
The searing ray hits Sigmund!
Sigmund is severely wounded.
The jackal barely misses you.
Sigmund hits you from afar with a +0 scythe!
You die...

........## #.# .
........#####)# .#
.............##.######.#
..............).........
................###.....
...=....................
..............>........#
........................
.....@h@................
..####..................
#....................
#..####...............
#.# #............... ...
##..>..........# ##
##.....#.......
###########... #...


You could see Sigmund and a jackal.

Vanquished Creatures
  5 ball pythons (D:1)
  2 bats (D:1)
  An endoplasm (D:1)
  3 goblins (D:1)
  3 hobgoblins (D:1)
  5 jackals
  7 kobolds
  2 quokkas
  A frilled lizard (D:1)
  A rat (D:2)
30 creatures vanquished.

Vanquished Creatures (others)
  A plant (D:1)
1 creature vanquished.

Grand Total: 31 creatures vanquished

Notes
Turn   | Place    | Note
-------+----------+-------------------------------------------
     0 | D:1      | Decritt the Deep Elf Conjurer began the quest for the Orb.
     0 | D:1      | Reached XP level 1. HP: 10/10 MP: 6/6
     1 | D:1      | Found a faded altar of an unknown god.
    37 | D:1      | Found a stormy altar of Qazlal.
   171 | D:1      | Reached XP level 2. HP: 15/15 MP: 1/8
   180 | D:1      | Learned a level 2 spell: Searing Ray
   544 | D:1      | Reached skill level 5 in Conjurations
   873 | D:1      | Reached XP level 3. HP: 19/19 MP: 6/10
  1167 | D:2      | Noticed Sigmund
  1176 | D:2      | Slain by Sigmund

Illustrated notes

Levels and vault maps discovered:
D:1:      dpeg_arrival_tiny_f, layout_basic, ebering_ecumenical_altar_rust,
          minivault_24, grunt_decor_mini_mirrors, serial_bayou_pond_b,
          minivault_26, minmay_hexomino_r4
D:2:      layout_rooms, st_stairs_8, uniq_sigmund

Skill      XL: |  1  2 |
---------------+-------+-----
Conjurations   | 5 |  5.2
Fighting       | |  0.1
Dodging        | |  2.5
Stealth        | |  2.4
Spellcasting   | |  3.7

Action                   || total
-------------------------++-------
Melee: Dagger            ||     1
 Cast: Magic Dart        ||    49
       Searing Ray       ||     3
Dodge: Dodged            ||    11

Table legend: (Time is in decaauts)
 A = Elapsed time spent in this place.
 B = Non-inter-level travel time spent in this place.
 C = Inter-level travel time spent in this place.
 D = Time resting spent in this place.
 E = Time spent auto-exploring this place.
 F = Levels seen in this place.
 G = Mean time per level.
                   A        B        C        D        E       F      G
               +--------+--------+--------+--------+--------+-----+--------+
         Total |   1180 |   1157 |     23 |     56 |    908 |   2 |  590.0 |
       Dungeon |   1180 |   1157 |     23 |     56 |    908 |   2 |  590.0 |
               +--------+--------+--------+--------+--------+-----+--------+

Top non-repeatable levels by time:
     D:1: 982 daAuts
     D:2: 198 daAuts
